 Dungeon Crawl Stone Soup version 0.27.1-16-g815e20cd7a (webtiles) character file.

Game seed: 5711246764251106672

423 TheCrusader the Chopper (level 6, -5/55 HPs)
             Began as a Hill Orc Fighter on Nov 23, 2021.
             Slain by an ogre (12 damage)
             ... on level 3 of the Dungeon.
             The game lasted 00:17:49 (3150 turns).

TheCrusader the Chopper (Hill Orc Fighter)          Turns: 3150, Time: 00:17:51

Health: -5/55      AC: 15    Str: 20    XL:     6   Next: 95%
Magic:  6/7        EV:  8    Int:  8    God:
Gold:   146        SH:  9    Dex: 11    Spells: 6/6 levels left

rFire    + . .     SeeInvis .   t - +2 flail (protect)
rCold    . . .     Faith    .   c - +0 kite shield
rNeg     . . .     Spirit   .   s - +1 ring mail {Will+}
rPois    .         Reflect  .   m - +0 helmet
rElec    .         Harm     .   (no cloak)
rCorr    .         Rampage  .   (no gloves)
Will     +....                  (no boots)
Stlth    +.........             (no amulet)
HPRegen  0.18/turn              i - ring of protection from fire
MPRegen  0.10/turn              (no ring)

@: mighty, under a protective aura
A: no striking features
a: no special abilities


You were on level 3 of the Dungeon.
You visited 1 branch of the dungeon, and saw 4 of its levels.

You collected 146 gold pieces.

Inventory:

Hand Weapons
 a - a +0 war axe
 h - a +0 mace
 o - a +3 dagger
 t - a +2 flail of protection (weapon)
Missiles
 q - 19 arrows
Armour
 c - a +0 kite shield (worn)
 m - a +0 helmet (worn)
 s - a +1 ring mail of willpower (worn)
Jewellery
 b - an amulet of guardian spirit
 i - a ring of protection from fire (left hand)
Wands
 p - a wand of paralysis (1)
Scrolls
 f - 4 scrolls of identify {unknown}
 g - a scroll of teleportation {unknown}
 j - a scroll of immolation {unknown}
Potions
 e - a potion of heal wounds {unknown}
 k - 2 potions of invisibility
 n - a potion of flight {unknown}


   Skills:
 + Level 4.8 Fighting
 - Level 5.9(6.0) Axes
 * Level 1.3(3.3) Maces & Flails
 + Level 4.4 Armour
 + Level 1.1 Dodging
 + Level 4.5 Shields
 * Level 0.7 Spellcasting


You had 6 spell levels left.
You didn't know any spells.
Your spell library contained the following spells:

 Spells                   Type           Power      Damage    Failure   Level
 Passwall                 Tmut/Erth      0%         N/A       98%         2
 Swiftness                Air            0%         N/A       100%        3
 Invisibility             Hex            0%         N/A       100%        6


Dungeon Overview and Level Annotations

Branches:
Dungeon (4/15)
 Temple: D:4-7

Altars:

Shops:
D:3 [

Annotations:
D:3 1 transporter, zeram's ghost, amateur GnEn


Message History

p - a wand of paralysis (1)
Things that are here:
a +0 club; a +0 ring mail
Okay, then.
Zeram's ghost whispers, "Be very very quiet, I'm hunting Hill Orcs."
There is a transporter landing site here.
Zeram's ghost whispers, "The ORB doesn't exist."
There is a transporter here.
You feel very mighty all of a sudden.
You enter the transporter and appear at another place.
The ogre hits you with a +0 giant spiked club!!
You bludgeon the ogre!!
Your weapon exudes an aura of protection.
The ogre is severely wounded.
You block the ogre's attack.
You sock the ogre!
You kill the ogre!
The ogre hits you with the +3 dire flail of Dung {protect, Will++ Dex+3}.
The ogre hits you with a +0 giant spiked club!!
* * * LOW HITPOINT WARNING * * *
You block zeram's ghost's attack.
Your base Maces & Flails skill increases to level 1!
You feel better. The ogre barely misses you.
Zeram's ghost hits you but does no damage.
The ogre barely misses you.
You feel better. The ogre barely misses you.
Zeram's ghost hits you but does no damage.
You barely miss zeram's ghost.
The ogre hits you with a +0 giant spiked club!
Zeram's ghost barely misses you.
The ogre hits you with the +3 dire flail of Dung {protect, Will++ Dex+3}!
* * * LOW HITPOINT WARNING * * *
You hit zeram's ghost.
Your weapon exudes an aura of protection.
Zeram's ghost is lightly damaged.
The ogre hits you with a +0 giant spiked club.
* * * LOW HITPOINT WARNING * * *
You block zeram's ghost's attack.
The ogre hits you with the +3 dire flail of Dung {protect, Will++ Dex+3}!
You die...

#...#.#..#...##..###
##....#..............
##..####..............
#.................####
#.................####
#############....).....
#.....©.....#.#########
#..##O.O##..#>#
###.#..#@#..#.#.#
##.#.#..#W#..#.#.#
#..#..##...##..###
#..#©....$!....##
#..##############
#.......©.©.....##########
#.........................
#...............##########
##....)........##


You could see 2 ogres and zeram's ghost.

Vanquished Creatures
  Purgy (D:3)
  An ogre (D:3)
  A bullfrog (D:3)
  Ijyb (D:3)
  An orc wizard (D:3)
  Robin (D:3)
  2 adders (D:2)
  A worm (D:2)
  A dart slug (D:1)
  4 orcs (D:3)
  10 bats
  7 endoplasms
  12 giant cockroaches
  11 goblins
  4 hobgoblins (D:3)
  4 jackals (D:3)
  3 quokkas
  4 ball pythons
  4 frilled lizards
  5 kobolds
  4 rats
82 creatures vanquished.

Notes
Turn   | Place    | Note
-------+----------+-------------------------------------------
     0 | D:1      | TheCrusader the Hill Orc Fighter began the quest for the
                  | Orb.
     0 | D:1      | Reached XP level 1. HP: 19/19 MP: 1/1
   234 | D:1      | Reached skill level 3 in Axes
   234 | D:1      | Reached XP level 2. HP: 27/27 MP: 2/2
   866 | D:2      | Reached XP level 3. HP: 27/33 MP: 3/3
  1026 | D:2      | Found a faded altar of an unknown god.
  1124 | D:2      | Reached skill level 4 in Axes
  1368 | D:2      | Reached XP level 4. HP: 39/40 MP: 4/4
  1475 | D:2      | You fall into a shaft and drop 2 floors!
  1499 | D:3      | Noticed Robin
  1511 | D:3      | Killed Robin
  1682 | D:3      | Found a transporter.
  1683 | D:3      | Noticed zeram's ghost (amateur GnEn)
  1683 | D:3      | Noticed an ogre
  1971 | D:3      | Noticed Purgy
  1983 | D:3      | Killed Purgy
  1984 | D:3      | Reached skill level 5 in Axes
  1984 | D:3      | Reached XP level 5. HP: 27/47 MP: 5/5
  2286 | D:3      | Reached XP level 6. HP: 28/53 MP: 6/6
  2517 | D:3      | Found Goikys's Armour Shoppe.
  2788 | D:3      | Reached skill level 1 in Dodging
  3100 | D:3      | Identified the +3 dire flail of Dung {protect, Will++
                  | Dex+3}
  3107 | D:3      | Found a transporter.
  3107 | D:3      | Noticed Ijyb
  3114 | D:3      | Paralysed by Ijyb for 3 turns
  3121 | D:3      | Killed Ijyb
  3147 | D:3      | Reached skill level 1 in Maces & Flails
  3150 | D:3      | Slain by an ogre

Illustrated notes

Levels and vault maps discovered:
D:1:      matt_arrival_grand_opening, layout_basic, minmay_tetromino_i2
D:2:      layout_rooms, shapermc_ecumenical_altar_notcrosses
D:3:      minmay_roachtagon, layout_rooms, serial_corexii_hall,
          corexii_hall_statues_l, corexii_hall_statues_i,
          chequers_hall_statues_corner_a, chequers_hall_statues_y,
          chequers_hall_statues_corner_a, chequers_hall_statues_corner_a,
          gammafunk_ghost_smash, serial_shops, nicolae_diamond_shop, uniq_ijyb,
          uniq_purgy, uniq_robin
D:4:      layout_basic, minmay_temple_entry_sparse_star,
          nicolae_ossuary_entry_giza, minmay_manual_monolith

Skill      XL: |  1  2  3  4  5  6 |
---------------+-------------------+-----
Axes           | 3 4 5 |  5.9
Fighting       | 4 |  4.8
Armour         | 4 |  4.4
Shields        | 4 |  4.5
Dodging        | 1 |  1.1
Maces & Flails | 1 |  1.3
Spellcasting   | |  0.7

Action                   |  1- 3 |  4- 6 || total
-------------------------+-------+-------++-------
Melee: War axe           |   100 |   108 ||   208
       Flail             |       |    12 ||    12
  Use: Potion            |       |     7 ||     7
Armor: Scale mail        |    52 |    93 ||   145
       Ring mail         |       |     6 ||     6
Dodge: Dodged            |    39 |    56 ||    95
Block: Kite shield       |    51 |    78 ||   129
